 Dungeon Crawl Stone Soup version 0.30.1-11-g7821555f0a (webtiles) character file.

Game seed: 11322684560406131872

177 Chiseanne the Trooper (level 5, 38/43 HPs)
             Began as a Demonspawn Wanderer on Nov 17, 2023.
             Quit the game on level 3 of the Dungeon.
             The game lasted 00:03:45 (1877 turns).

Chiseanne the Trooper (Demonspawn Wanderer)         Turns: 1877, Time: 00:03:46

Health: 38/43      AC:  8    Str: 11    XL:     5   Next: 30%
Magic:  6/6        EV: 12    Int: 16    God:
Gold:   145        SH:  0    Dex: 13    Spells: 5/6 levels left

rFire   . . .        a - +2 quarterstaff (freeze)
rCold   . . .        (shield currently unavailable)
rNeg    . . .        l - +0 leather armour
rPois   .            o - +1 helmet
rElec   .            (no cloak)
rCorr   .            (no gloves)
SInv    .            (no boots)
Will    .....        (no amulet)
Stlth   +            (no ring)
HPRegen 0.27/turn    (no ring)
MPRegen 0.10/turn

%: no passive effects
@: no status effects
A: claws 1, molten scales 2
a: no special abilities


You were on level 3 of the Dungeon.
You visited 1 branch of the dungeon, and saw 3 of its levels.

You collected 145 gold pieces.

Inventory:

Hand Weapons
 a - a +2 quarterstaff of freezing (weapon)
Missiles
 f - 15 stones
Armour
 l - a +0 leather armour (worn)
 o - a +1 helmet (worn)
Wands
 b - a wand of flame (3)
 p - a wand of mindburst (18)
Scrolls
 c - 4 scrolls of teleportation
 e - 2 scrolls of blinking
Potions
 d - a potion of resistance {unknown}
 g - a potion of lignification
 h - 7 potions of curing
 i - a potion of berserk rage {unknown}
 j - a potion of degeneration {unknown}
 k - a potion of might {unknown}
 m - a potion of brilliance {unknown}
 n - a potion of invisibility {unknown}


   Skills:
 * Level 4.6 Fighting
 - Level 2.6 Staves
 * Level 1.7 Armour
 * Level 2.9 Dodging
 - Level 1.0 Spellcasting
 - Level 1.0 Conjurations
 - Level 1.0 Evocations


You had 5 spell levels left.
You knew the following spells:

 Your Spells              Type           Power      Damage    Failure   Level
a - Shock                 Conj/Air       8%         1d3       24%         1

Your spell library contained the following spells:

 Spells                   Type           Power      Damage    Failure   Level
 Momentum Strike          Conj/Tloc      4%         3d8       36%         2
 Blink                    Tloc           0%         N/A       41%         2
 Lesser Beckoning         Tloc           0%         N/A       41%         2
 Dazzling Flash           Conj/Hex       4%         N/A       58%         3
 Vhi's Electric Charge    Tloc/Air       0%         N/A       65%         3
 Arcjolt                  Conj/Air       1%         1d11      100%        5
 Plasma Beam              Fire/Air       0%         2x1d11    100%        6
 Malign Gateway           Summ/Tloc      0%         N/A       100%        7
 Summon Horrible Things   Summ           0%         N/A       100%        8


Dungeon Overview and Level Annotations

Branches:
Dungeon (3/15)

Altars:


Innate Abilities, Weirdness & Mutations

You have sharp fingernails.
You are mostly covered in molten scales. (AC +3)


Message History

No target in view!
No target in view!
No target in view!
No target in view!
No target in view!
No target in view!
No target in view!
No target in view!
Things that are here:
a +0 dagger; a goblin corpse
p - a wand of mindburst (18)
You now have 133 gold pieces (gained 1).
You now have 145 gold pieces (gained 12).
f - 15 stones (gained 9)
A phantom comes into view.
The phantom barely misses you.
You barely miss the phantom. The phantom closely misses you.
You barely miss the phantom. The phantom hits you.
The phantom hits you but does no damage.
You hit the phantom.
The phantom is lightly damaged.
The phantom closely misses you.
You hit the phantom.
The phantom is heavily damaged.
The phantom hits you but does no damage.
You hit the phantom.
The phantom is severely damaged.
The phantom misses you.
You closely miss the phantom.
The phantom is heavily damaged.
The phantom misses you.
You hit the phantom.
The phantom is severely damaged.
The phantom barely misses you.
You thump the phantom!
You destroy the phantom!
You have reached level 5!
Your demonic ancestry asserts itself...
Your fingernails lengthen.
Are you sure you want to abandon this character and quit the game? (Confirm with "yes".)

#..###...........#
#..##....#.......#
####..#..##.##.......
#.......###.##....... #...#.###
#......^..# #...#.# ###.......#
#...#.# #.......# #####.#####
#)####### #...@.....# #.#
#.........# #.# #...?.....# #.#
## #########....### #.# ..
########......##..#.## #.# .#
..............##..#..# #.# .#
..............##..##.## #.##.#
..........>...##.###..###.#..# #
..............##......#...#.#####


There were no monsters in sight!

Vanquished Creatures
  A phantom (D:3)
  Robin (D:2)
  2 adders (D:2)
  A worm (D:3)
  2 dart slugs
  5 bats
  4 endoplasms
  2 giant cockroaches (D:2)
  15 goblins
  4 hobgoblins
  5 jackals (D:2)
  5 quokkas
  7 ball pythons
  2 frilled lizards
  4 kobolds
  4 rats
64 creatures vanquished.

Notes
Turn   | Place    | Note
-------+----------+-------------------------------------------
     0 | D:1      | Chiseanne the Demonspawn Wanderer began the quest for the
                  | Orb.
     0 | D:1      | Chiseanne set off with the following items: a +2
                  | quarterstaff, a wand of flame (3), a scroll of
                  | teleportation, a +0 robe; and the following spell
                  | memorised: Shock; and the following spells available to
                  | memorise: Dazzling Flash.
     0 | D:1      | Reached XP level 1. HP: 18/18 MP: 2/2
   223 | D:1      | Found a faded altar of an unknown god.
   262 | D:1      | Reached skill level 1 in Dodging
   262 | D:1      | Gained mutation: You are partially covered in molten
                  | scales. (AC +2) [demonic ancestry]
   262 | D:1      | Reached XP level 2. HP: 5/24 MP: 3/3
  1085 | D:2      | Gained mutation: You are mostly covered in molten scales.
                  | (AC +3) [demonic ancestry]
  1085 | D:2      | Reached XP level 3. HP: 29/29 MP: 4/4
  1332 | D:2      | Reached skill level 4 in Fighting
  1373 | D:2      | Reached XP level 4. HP: 33/37 MP: 5/5
  1398 | D:2      | Noticed Robin
  1409 | D:2      | Killed Robin
  1867 | D:3      | Noticed a phantom
  1876 | D:3      | Killed a phantom
  1877 | D:3      | Gained mutation: You have sharp fingernails. [demonic
                  | ancestry]
  1877 | D:3      | Reached XP level 5. HP: 38/43 MP: 6/6
  1877 | D:3      | Quit the game

Illustrated notes

Levels and vault maps discovered:
D:1:      nicolae_arrival_somewhat_less_tricky_arrival, layout_basic,
          shapermc_ecumenical_altar_acropolis, grunt_decor_arrowhead
D:2:      layout_rooms, minmay_split_cup_large, uniq_robin
D:3:      layout_rooms

Skill      XL: |  1  2  3 |
---------------+----------+-----
Dodging        | 1 2 |  2.9
Fighting       | 4 |  4.6
Staves         | |  2.6
Armour         | |  1.7
Spellcasting   | |  1.0
Conjurations   | |  1.0
Evocations     | |  1.0

Action                     |  1- 3 |  4- 6 || total
---------------------------+-------+-------++-------
  Melee: Quarterstaff      |   107 |    61 ||   168
    Use: Scroll            |     8 |     2 ||    10
   Stab: Sleeping          |     1 |     1 ||     2
 Armour: Robe              |    45 |     6 ||    51
         Leather armour    |       |    19 ||    19
  Dodge: Dodged            |    83 |    42 ||   125
